 Dungeon Crawl Stone Soup version 0.30.1-11-g7821555f0a (webtiles) character file.

Game seed: 922870800318104360

23053 fireball365 the Severer (level 13, -60/119 HPs)
             Began as a Hill Orc Fighter on Dec 16, 2023.
             Was an Initiate of Gozag.
             Annihilated by a titanic slime creature (66 damage)
             ... on level 13 of the Dungeon.
             The game lasted 00:30:17 (11946 turns).

fireball365 the Severer (Hill Orc Fighter)         Turns: 11946, Time: 00:30:18

Health: -60/119    AC: 40    Str: 37    XL:     13   Next: 4%
Magic:  13/13      EV:  8    Int:  9    God:    Gozag
Gold:   2744       SH:  6    Dex: 15    Spells: 12/12 levels left

rFire   . . .        O - +7 mace of Integrity {heavy, rElec Will- Str+5 Dex+3}
rCold   . . .        c - +0 buckler
rNeg    . . .        y - +8 orange crystal plate armour {Archmagi, Int+3 Clar}
rPois   +            R - +2 helmet {Int+3}
rElec   +            E - scarf {+Inv}
rCorr   .            P - +0 pair of gloves "Hoakhlon" {Str+5 Dex+2}
SInv    .            (no boots)
Will    .....        p - amulet of regeneration Stlth
                     j - ring of Jibaadob {rElec rPois AC+4 Str+3 Int-5}
HPRegen 1.19/turn    t - +4 ring of slaying
MPRegen 0.13/turn

%: clarity, archmagi
@: gold aura, studying Fighting
A: iridescent scales 1
a: Renounce Religion, Evoke Invisibility, Potion Petition, Call Merchant, Bribe
Branch


You were on level 13 of the Dungeon.
You worshipped Gozag.
Gozag was most pleased with you.
You visited 2 branches of the dungeon, and saw 14 of its levels.
You also visited: Bailey and Gauntlet.

You collected 2881 gold pieces.
You paid 137 gold pieces to Gozag.

Inventory:

Hand Weapons
 u - a +2 war axe of flaming
 J - a +6 halberd
 L - a +1 battleaxe
 O - the +7 mace of Integrity (weapon) {heavy, rElec Will- Str+5 Dex+3}
   (You found it on level 9 of the Dungeon)

   Str:       It affects your strength (+5).
   Dex:       It affects your dexterity (+3).
   rElec:     It insulates you from electricity.
   Will:      It decreases your willpower.
Missiles
 g - 6 boomerangs (quivered)
 o - 66 poisoned darts
Armour
 b - a +0 scale mail
 c - a +0 buckler (worn)
 v - a +0 chain mail
 y - the +8 orange crystal plate armour (worn) {Archmagi, Int+3 Clar}
   (You acquired it on level 10 of the Dungeon)

   Int:       It affects your intelligence (+3).
   Clar:      It protects you from confusion, rage, mesmerisation and fear.
 E - a scarf of invisibility (worn)
 P - the +0 pair of gloves "Hoakhlon" (worn) {Str+5 Dex+2}
   (You found it in a Gauntlet)

   Str:       It affects your strength (+5).
   Dex:       It affects your dexterity (+2).
 R - a +2 helmet of intelligence (worn)
Jewellery
 j - the ring of Jibaadob (left hand) {rElec rPois AC+4 Str+3 Int-5}
   (You acquired it on level 10 of the Dungeon)

   [ring of protection]

   AC:        It affects your AC (+4).
   Str:       It affects your strength (+3).
   Int:       It affects your intelligence (-5).
   rElec:     It insulates you from electricity.
   rPois:     It protects you from poison.
 p - an amulet of regeneration (around neck)
 t - a +4 ring of slaying (right hand)
 F - a +6 ring of strength
 G - a +5 ring of evasion
Wands
 a - a wand of charming (19)
 B - a wand of light (24)
 N - a wand of iceblast (5)
Scrolls
 e - a scroll of immolation {unknown}
 h - 3 scrolls of fear
 m - 12 scrolls of teleportation
 q - 4 scrolls of enchant armour
 s - 3 scrolls of poison
 w - a scroll of silence {unknown}
 z - 2 scrolls of blinking
 C - a scroll of butterflies {unknown}
 D - a scroll of enchant weapon
 H - 2 scrolls of amnesia {unknown}
 K - a scroll of noise {unknown}
 S - a scroll of torment
 T - a scroll of vulnerability {unknown}
Potions
 d - 2 potions of might
 f - 3 potions of lignification
 i - a potion of flight
 k - 3 potions of degeneration
 l - 6 potions of attraction
 r - 3 potions of cancellation
 x - 5 potions of curing
 A - 3 potions of brilliance
 I - 2 potions of heal wounds
 M - 2 potions of haste
 U - a potion of invisibility {unknown}


   Skills:
 + Level 12.9 Fighting
 + Level 15.9(17.0) Axes
 + Level 8.2(11.9) Maces & Flails
 + Level 0.9 Throwing
 + Level 11.5 Armour
 + Level 3.2 Dodging
 + Level 1.4 Stealth
 + Level 7.9 Shields
 + Level 1.1 Evocations


You had 12 spell levels left.
You didn't know any spells.
Your spell library contained the following spells:

 Spells                   Type           Power      Damage    Failure   Level
 Beastly Appendage        Tmut           0%         N/A       99%         1
 Freeze                   Ice            0%         1d3       99%         1
 Sting                    Tmut/Pois      0%         1d3       99%         1
 Cigotuvi's Dreadful Rot  Necr/Pois/Air  0%         N/A       100%        2
 Poisonous Vapours        Pois/Air       0%         N/A       100%        2
 Wereblood                Tmut           0%         N/A       100%        2
 Confusing Touch          Hex            0%         N/A       100%        3
 Frozen Ramparts          Ice            0%         1d1       100%        3
 Hailstorm                Conj/Ice       0%         3d3       100%        3
 Ignite Poison            Fire/Tmut/Pois 0%         N/A       100%        3
 Spider Form              Tmut/Pois      0%         N/A       100%        3
 Summon Guardian Golem    Hex/Summ       0%         N/A       100%        3
 Vhi's Electric Charge    Tloc/Air       0%         N/A       100%        3
 Volatile Blastmotes      Fire/Tloc      0%         2d10      100%        3
 Manifold Assault         Tloc           0%         N/A       100%        4
 Olgreb's Toxic Radiance  Pois           0%         N/A       100%        4
 Passage of Golubria      Tloc           0%         N/A       100%        4
 Summon Lightning Spire   Summ/Air       0%         N/A       100%        4
 Arcjolt                  Conj/Air       0%         1d10      100%        5
 Freezing Cloud           Conj/Ice/Air   0%         6-21      100%        5
 Silence                  Hex/Air        0%         N/A       100%        5
 Plasma Beam              Fire/Air       0%         2x1d11    100%        6
 Orb of Destruction       Conj           0%         9d5       100%        7
 Spellforged Servitor     Conj/Summ      0%         N/A       100%        7
 Disjunction              Tloc           0%         N/A       100%        8


Dungeon Overview and Level Annotations

Branches:
Dungeon (13/15)            Temple (1/1) D:6            Lair (0/5) D:11
    Orc (0/2) D:9          Bailey (visited)         Gauntlet (visited)
 Vaults: D:13-14

Altars:
Ashenzari
Cheibriados
Dithmenos
Elyvilon
Fedhas
Gozag
Hepliaklqana
Kikubaaqudgha
Makhleb
Nemelex Xobeh
Okawaru
Qazlal
Ru
Sif Muna
Trog
Uskayaw
Vehumet
Wu Jian
Xom
Yredelemnul
Zin
The Shining One


Innate Abilities, Weirdness & Mutations

You are partially covered in iridescent scales. (AC +2)


Message History

The slime creature quivers.
A slime creature comes into view.
A slime creature comes into view.
The slime creature quivers.
A slime creature comes into view.
Two slime creatures merge to form a large slime creature. 2 slime creatures come into view.
The slime creature quivers. x3
The slime creature hits you.
Two slime creatures merge to form a large slime creature.
Two slime creatures merge to form a very large slime creature.
You bludgeon the slime creature!!
The slime creature is moderately wounded.
The slime creature hits you!
You bludgeon the slime creature!!
The slime creature is severely wounded.
The slime creature closely misses you.
You bludgeon the slime creature!!
You kill the slime creature!
The very large slime creature is distracted by your dazzling golden aura.
You see here 9 gold pieces.
Two slime creatures merge to form a titanic slime creature.
You flatten the titanic slime creature like a pancake!!!
The titanic slime creature is no longer distracted by gold.
The titanic slime creature is lightly wounded.
The titanic slime creature barely misses you.
You thump the titanic slime creature!
The titanic slime creature is lightly wounded.
The titanic slime creature hits you!!! The titanic slime creature hits you!!
* * * LOW HITPOINT WARNING * * *
You sock the titanic slime creature!
The titanic slime creature is moderately wounded.
The titanic slime creature hits you!!
* * * LOW HITPOINT WARNING * * *
You bludgeon the titanic slime creature!!
The titanic slime creature is moderately wounded.
The titanic slime creature hits you!!!
Ouch! That really hurt!
You die...
Your body crumbles into a pile of gold.

....##..# $ #..# #..#. .#..##..#
#..# #..#. .#..##..# ##..# #..#.
.#..##..# #...# #..#. .#..##..#
##...# #..#. .#..##..# ##....#
#..#. .#..##..# ##.....####..#<
.......)###..######............#.
......J@$...............
########################


You could see a titanic slime creature.

Vanquished Creatures
  A minotaur (Gauntlet)
  A green death (Gauntlet)
  Erolcha (D:11)
  A catoblepas (D:13)
  A boulder beetle (D:7)
  4 two-headed ogres
  An orc knight (Bailey)
  Pikel (D:5)
  2 manticores
  An ugly thing (D:11)
  A cyclops (D:10)
  Maggie (D:8)
  A gargoyle (D:7)
  A smoke demon (Gauntlet)
  2 kobold demonologists
  An unseen horror (D:7)
  A komodo dragon (D:9)
  6 trolls
  A meliai (shapeshifter) (D:13)
  3 hornets
  Prince Ribbit (D:8)
  2 slime creatures
  A vampire (D:8)
  2 wyverns
  7 shadows
  5 wraiths
  11 yaks
  2 steam dragons
  2 acid dragons
  A two-headed ogre zombie (D:9)
  2 water moccasins
  Duvessa (D:7)
  2 black bears
  3 sky beasts (D:7)
  9 orc warriors (Bailey)
  2 centaurs
  2 ogres (D:5)
  5 wolves (D:11)
  2 lemures (D:5)
  7 kobold brigands
  3 bullfrogs (D:7)
  2 gnoll sergeants
  A scorpion (D:7)
  19 wights
  Dowan (D:7)
  4 troll zombies (D:9)
  10 killer bees
  2 howler monkeys
  4 electric eels (D:11)
  4 crimson imps (Gauntlet)
  4 hounds
  4 orc priests
  3 jellies
  A gnoll bouda (D:9)
  8 orc wizards
  3 sleepcaps
  3 iguanas
  3 ogre zombies (D:9)
  9 adders
  6 gnolls
  A white imp (D:6)
  An ufetubus (D:5)
  A worm (D:3)
  4 dart slugs
  47 orcs
  7 bats
  5 endoplasms
  5 giant cockroaches
  8 goblins
  7 hobgoblins
  27 kobolds
  2 quokkas
  4 ball pythons
  2 frilled lizards (D:3)
  2 goblin skeletons (D:9)
  A goblin zombie (D:9)
  A hobgoblin skeleton (D:9)
  2 hobgoblin zombies (D:9)
  4 orc skeletons (D:9)
  15 orc zombies (D:9)
  4 rats
345 creatures vanquished.

Vanquished Creatures (others)
  A hound (D:11)
1 creature vanquished.

Grand Total: 346 creatures vanquished

Notes
Turn   | Place    | Note
-------+----------+-------------------------------------------
     0 | D:1      | fireball365 the Hill Orc Fighter began the quest for the
                  | Orb.
     0 | D:1      | Reached XP level 1. HP: 19/19 MP: 1/1
   285 | D:1      | Reached XP level 2. HP: 23/27 MP: 2/2
   932 | D:2      | Reached skill level 3 in Axes
   932 | D:2      | Reached XP level 3. HP: 33/33 MP: 3/3
  1553 | D:3      | Reached XP level 4. HP: 40/40 MP: 4/4
  1564 | D:3      | Reached skill level 4 in Axes
  1810 | D:3      | Found a faded altar of an unknown god.
  1858 | D:3      | Noticed a gnoll sergeant
  2019 | D:3      | Killed a gnoll sergeant
  2020 | D:3      | Reached XP level 5. HP: 25/46 MP: 5/5
  2137 | D:3      | Found a stormy altar of Qazlal.
  2141 | D:3      | Found a shimmering altar of Xom.
  2348 | D:4      | Reached skill level 5 in Axes
  2477 | D:4      | Reached XP level 6. HP: 30/53 MP: 6/6
  2673 | D:4      | Found a hazy altar of Hepliaklqana.
  2680 | D:4      | Found a sacrificial altar of Ru.
  2683 | D:4      | Found a basalt altar of Yredelemnul.
  3060 | D:5      | Entered Level 5 of the Dungeon
  3182 | D:5      | Reached skill level 6 in Axes
  3221 | D:5      | Noticed a water moccasin
  3225 | D:5      | Killed a water moccasin
  3226 | D:5      | Reached skill level 5 in Armour
  3340 | D:5      | Reached skill level 7 in Axes
  3340 | D:5      | Reached skill level 1 in Dodging
  3340 | D:5      | Reached XP level 7. HP: 31/60 MP: 7/7
  3410 | D:5      | Got the Thoughts on Floating Transportation
  3600 | D:5      | Noticed Pikel
  3615 | D:5      | Killed Pikel
  3616 | D:5      | Reached skill level 5 in Fighting
  3616 | D:5      | Reached skill level 8 in Axes
  3616 | D:5      | Reached XP level 8. HP: 63/68 MP: 8/8
  3688 | D:5      | Reached skill level 9 in Axes
  4001 | D:6      | Gained mutation: You are partially covered in iridescent
                  | scales. (AC +2) [potion of mutation]
  4007 | D:6      | Found a staircase to the Ecumenical Temple.
  4054 | Temple   | Entered the Ecumenical Temple
  4072 | Temple   | Became a worshipper of Gozag Ym Sagoz the Greedy
  4251 | D:6      | Found a shimmering blue altar of Sif Muna.
  4657 | D:7      | Reached skill level 10 in Axes
  4665 | D:7      | Reached XP level 9. HP: 53/78 MP: 9/9
  4740 | D:7      | Reached skill level 11 in Axes
  4740 | D:7      | Noticed a two-headed ogre
  4750 | D:7      | HP: 2/78 [two-headed ogre/+0 giant spiked club (12)]
  4762 | D:7      | Killed a two-headed ogre
  4763 | D:7      | Reached skill level 5 in Shields
  4774 | D:7      | Reached skill level 12 in Axes
  4959 | D:7      | Noticed Duvessa
  4959 | D:7      | Noticed Dowan
  4964 | D:7      | Killed Dowan
  4973 | D:7      | Killed Duvessa
  4996 | D:7      | Reached XP level 10. HP: 36/86 MP: 10/10
  5046 | D:7      | Reached skill level 13 in Axes
  5325 | D:7      | Noticed a two-headed ogre
  5325 | D:7      | Noticed a gargoyle
  5339 | D:7      | Killed a gargoyle
  5340 | D:7      | Reached skill level 1 in Evocations
  5345 | D:7      | Killed a two-headed ogre
  5398 | D:7      | Noticed a kobold demonologist
  5408 | D:7      | Noticed a sixfirhy
  5410 | D:7      | Killed a kobold demonologist
  5435 | D:7      | Killed an unseen horror
  5436 | D:7      | Reached skill level 14 in Axes
  5507 | D:7      | Noticed a boulder beetle
  5518 | D:7      | Killed a boulder beetle
  5659 | D:8      | Noticed Maggie
  5667 | D:8      | Killed Maggie
  5688 | D:8      | Reached XP level 11. HP: 97/97 MP: 11/11
  5811 | D:8      | Noticed Prince Ribbit
  5817 | D:8      | Reached skill level 15 in Axes
  5824 | D:8      | Killed Prince Ribbit
  6404 | D:9      | Found a staircase to the Orcish Mines.
  6480 | D:9      | Reached skill level 10 in Fighting
  6813 | D:9      | Found an ancient bone altar of Kikubaaqudgha.
  6958 | D:9      | Found a sparkling altar of Nemelex Xobeh.
  7116 | D:9      | Identified the +7 mace of Integrity {heavy, rElec Will-
                  | Str+5 Dex+3}
  7443 | D:9      | Reached skill level 1 in Maces & Flails
  7602 | D:9      | Found a blossoming altar of Fedhas.
  7621 | D:9      | Found a glowing silver altar of Zin.
  7628 | D:9      | Found a hide-covered altar of Uskayaw.
  7663 | D:10     | Entered Level 10 of the Dungeon
  7704 | D:10     | Noticed a two-headed ogre
  7713 | D:10     | Killed a two-headed ogre
  7782 | D:10     | Found a flagged portal.
  7848 | Bailey   | Entered a bailey
  8263 | Bailey   | Noticed an orc knight
  8274 | Bailey   | Killed an orc knight
  8275 | Bailey   | Reached XP level 12. HP: 32/108 MP: 12/12
  8361 | D:10     | Acquired the ring of Jibaadob {rElec rPois AC+4 Str+3
                  | Int-5}
  8367 | D:10     | Acquired the +8 orange crystal plate armour {Archmagi,
                  | Int+3 Clar}
  8367 | D:10     | Found the +8 orange crystal plate armour {Archmagi, Int+3
                  | Clar}
  8386 | D:10     | Found a burning altar of Makhleb.
  8444 | D:10     | Reached skill level 10 in Armour
  8460 | D:10     | Reached skill level 5 in Maces & Flails
  8782 | D:10     | Found a bloodstained altar of Trog.
  9113 | D:11     | Noticed Erolcha
  9146 | D:11     | Killed Erolcha
  9147 | D:11     | Reached skill level 1 in Stealth
  9271 | D:11     | Found a gate leading to a gauntlet.
  9279 | D:11     | Noticed a two-headed ogre
  9289 | Gauntlet | Entered a Gauntlet
  9289 | Gauntlet | Found a transporter.
  9289 | Gauntlet | Found a transporter.
  9336 | Gauntlet | Found a transporter.
  9336 | Gauntlet | Found a transporter.
  9338 | Gauntlet | Got Honurum's Codex of Rancid Curses
  9347 | Gauntlet | Found a transporter.
  9347 | Gauntlet | Found a transporter.
  9378 | Gauntlet | Found a runed translucent door.
  9379 | Gauntlet | Found a transporter.
  9381 | Gauntlet | Found a transporter.
  9383 | Gauntlet | Found a transporter.
  9383 | Gauntlet | Found a transporter.
  9486 | Gauntlet | Noticed a green death
  9527 | Gauntlet | Found a transporter.
  9533 | Gauntlet | Killed a green death
  9573 | Gauntlet | Identified the +0 pair of gloves "Hoakhlon" {Str+5 Dex+2}
  9589 | Gauntlet | Found a transporter.
  9602 | Gauntlet | Identified the ring of Veobrif {*Slow rPois Will+ Str-2
                  | SInv}
  9602 | Gauntlet | Noticed a minotaur
  9613 | Gauntlet | Killed a minotaur
  9681 | Gauntlet | Got the Quarto of the Vector
  9684 | Gauntlet | Identified the +0 robe of the Present {rElec}
  9736 | D:11     | Killed a two-headed ogre
  9945 | D:11     | Found a staircase to the Lair.
 11655 | D:13     | Noticed a catoblepas
 11664 | D:13     | Killed a catoblepas
 11665 | D:13     | Reached XP level 13. HP: 119/119 MP: 13/13
 11945 | D:13     | HP: 5/119 [titanic slime creature (26)]
 11946 | D:13     | Annihilated by a titanic slime creature

Illustrated notes

Levels and vault maps discovered:
D:1:      denvon_arrival_hothouse, layout_loops_ring
D:2:      layout_loops_cross, grunt_decor_resistance
D:3:      layout_basic, chequers_temple_overflow_statue_of_worship,
          dreamdust_ecumenical_altar_statues, minmay_box_of_dots
D:4:      layout_basic, minitemple
D:5:      layout_gridville, corexii_checkpoint_b, uniq_pikel
D:6:      layout_cave_pools, mainiacjoe_overflow_tiny_flanked,
          minmay_temple_entry_tees, nrook_uturn
D:7:      nicolae_whirlpool, layout_cave_pools, minmay_shattered_shrine,
          uniq_duvessa
D:8:      wander_river, layout_loops_cross, serial_glass, glass_columns_a,
          glass_columns_b, glass_columns_c, glass_columns_a, item_on_display_a,
          uniq_prince_ribbit1, uniq_maggie
D:9:      layout_basic, kennysheep_mini_moat, mainiacjoe_overflow_24_doors,
          minmay_overflow_temple_star_quad, zombieorc2_lemuel
D:10:     layout_loops_ring, mainiacjoe_overflow_cross_hatched,
          nicolae_overflow_hidden_temple, enter_bailey_5, st_stairs_9
D:11:     layout_basic, erik_lair_island, gauntlet_entry_generic, uniq_erolcha
D:12:     layout_grid_maze, serial_rivers, chequers_serial_rivers_room_a,
          chequers_serial_rivers_small_3, chequers_serial_rivers_room_a,
          chequers_serial_rivers_large_b, chequers_serial_rivers_small_b
D:13:     cheibrodos_breeding_chamber, layout_long_grid, serial_bayou_crossing
Temple:   nicolae_temple_ecumenical_triangle

Skill      XL: |  1  2  3  4  5  6  7  8  9 10 11 12 |
---------------+-------------------------------------+-----
Fighting       | 4 5 6 7 9 10 12 | 12.9
Axes           | 3 4 5 7 8 10 12 14 15 | 15.9
Armour         | 4 5 6 7 8 9 11 | 11.5
Shields        | 4 5 6 7 |  7.9
Dodging        | 1 2 3 |  3.2
Evocations     | 1 |  1.1
Maces & Flails | 4 8 |  8.2
Stealth        | 1 |  1.4
Throwing       | |  0.9

Action                     |  1- 3 |  4- 6 |  7- 9 | 10-12 | 13-15 || total
---------------------------+-------+-------+-------+-------+-------++-------
  Melee: War axe           |    95 |   125 |   132 |   207 |       ||   559
         Mace              |       |       |       |   337 |    15 ||   352
  Throw: Boomerang         |       |       |     1 |     3 |       ||     4
  Evoke: Wand              |       |       |     2 |     1 |     2 ||     5
    Use: Scroll            |     2 |     6 |     2 |     9 |     2 ||    21
         Potion            |       |     2 |     5 |     1 |       ||     8
   Stab: Distracted        |       |       |       |     2 |       ||     2
 Armour: Scale mail        |    85 |    52 |       |       |       ||   137
         Chain mail        |       |       |    82 |   265 |       ||   347
         Crystal plate arm |       |       |       |   257 |   122 ||   379
  Dodge: Dodged            |    72 |    54 |    62 |   398 |    17 ||   603
  Block: Buckler           |    53 |    27 |    30 |   217 |     9 ||   336
